Panthers vs Senateurs

Created - May 13, 2020 at 19:39

Goals
1 2 3 T
Panthers 1 0 0 1
Senateurs 1 3 1 5
Shots
1 2 3 T
Panthers 9 14 11 34
Senateurs 16 11 4 31

1st period

1. Senateurs , Phil Kessel 43 (Cody Franson 37) at 6:32
2. Panthers , Alex Galchenyuk 44 (Matt Duchene 62, Taylor Chorney 25) at 16:44

Penalties :
Cody Franson (Ott) for High sticking (Minor) at 7:39, Radko Gudas (Flo) for Hooking (Minor) at 10:38, Erik Gudbranson (Flo) for Tripping (Minor) at 12:53

2nd period

3. Senateurs , Evgeni Malkin 36 (Duncan Keith 24, Cody Franson 38) at 9:17
4. Senateurs , Phil Kessel 44 (Sidney Crosby 55) at 11:45
5. Senateurs , Radim Vrbata 9 (Carlo Colaiacovo 8, Nate Prosser 18) at 15:41 (PP)

Penalties :
Stephen Weiss (Flo) for Tripping (Minor) at 14:49, Duncan Keith (Ott) for Holding Stick (Minor) at 17:26, Drew Stafford (Flo) for Tripping (Minor) at 19:46

3rd period

6. Senateurs , Ryan Hollweg 8 (Stephane Da Costa 8, Mark Giordano 13) at 18:45

Penalties :
Daniel Briere (Ott) for Tripping (Minor) at 2:06, Duncan Keith (Ott) for Hooking (Minor) at 8:43, Ladislav Smid (Flo) for High sticking (Minor) at 12:41

Goalie Stats

Petr Mrazek (Flo), 26 saves from 31 shots - (0.839), L, 30-24-3, 60:00 minutes
Jaroslav Halak (Ott), 33 saves from 34 shots - (0.971), W, 26-27-4, 60:00 minutes

Players Stats for Panthers

Player Name              G  A  P  +/- PIM S  H  SB GA TA FO     MP     PP MP  PK MP  
------------------------------------------------------------------------------------
Alex Galchenyuk          1  0  1   0  0   6  1  0  0  0  2/3    19:19   4:23   1:03 
Andrei Kostitsyn         0  0  0  -1  0   1  1  2  0  0  0/0    11:05   0:00   0:00 
Brandon Gormley          0  0  0   0  0   1  0  0  0  0  0/0    11:22   0:00   1:16 
Chad Larose              0  0  0   0  0   0  4  2  0  0  2/4    19:18   3:33   5:07 
David Booth              0  0  0   0  0   3  3  0  0  1  1/2    14:11   3:33   0:00 
Drew Stafford            0  0  0  -1  2   3  0  0  0  1  0/0    13:06   0:00   1:54 
Erik Gudbranson          0  0  0  -1  2   0  6  1  0  3  0/0    27:43   4:33   4:19 
Jonathan Sigalet         0  0  0   0  0   3  0  0  0  0  0/0    18:13   3:23   3:48 
Kyle Wellwood            0  0  0  -2  0   2  2  1  0  0  1/7    10:10   0:00   2:30 
Ladislav Smid            0  0  0  -2  2   3  2  2  0  1  0/0    21:14   3:23   2:43 
Linus Omark              0  0  0  -2  0   0  0  0  0  0  0/0     7:32   0:00   0:00 
Marek Svatos             0  0  0   0  0   5  3  0  2  1  1/2    19:57   4:23   1:41 
Matt Duchene             0  1  1   0  0   3  2  0  4  0  16/32  18:21   4:23   0:06 
Radko Gudas              0  0  0  -2  2   0  2  2  0  0  0/0    13:49   0:00   0:19 
Stephen Weiss            0  0  0  -1  2   1  0  0  0  0  0/5    11:04   0:00   0:00 
Taylor Chorney           0  1  1  -1  0   1  1  2  1  1  0/0    27:45   4:33   5:11 
Tomas Kopecky            0  0  0  -2  0   1  0  1  0  0  0/0     7:32   0:00   0:00 
Travis Zajac             0  0  0   0  0   1  1  0  0  1  8/13   19:26   3:33   5:15 

Players Stats for Senateurs

Player Name              G  A  P  +/- PIM S  H  SB GA TA FO     MP     PP MP  PK MP  
------------------------------------------------------------------------------------
Arturs Kulda             0  0  0   2  0   0  1  0  0  1  0/0    13:21   0:00   2:51 
Carlo Colaiacovo         0  1  1  -1  0   2  1  1  0  0  0/0    21:59   3:43   3:55 
Cody Franson             0  2  2   2  2   2  2  2  2  0  0/0    27:03   4:15   3:26 
Colby Armstrong          0  0  0   0  0   2  0  2  0  1  0/0    15:18   3:38   0:00 
Daniel Briere            0  0  0   0  2   1  0  0  1  0  8/9    12:34   0:00   1:47 
Daniel Sedin             0  0  0   0  0   1  0  0  1  1  0/0    15:18   3:38   0:00 
Duncan Keith             0  1  1   2  4   4  2  0  0  1  0/0    26:11   5:05   2:07 
Evgeni Malkin            1  0  1   0  0   3  4  0  1  0  6/11   19:20   3:38   4:02 
Jamie Benn               0  0  0   2  0   0  3  0  0  0  0/1    19:44   4:55   1:15 
Mark Giordano            0  1  1   2  0   2  0  1  0  0  0/0    10:53   0:50   0:00 
Michel Ouellet           0  0  0   1  0   1  1  0  0  0  0/0     7:24   0:13   0:00 
Nate Prosser             0  1  1  -1  0   2  3  1  0  1  0/0    20:56   3:43   3:33 
Phil Kessel              2  0  2   2  0   2  2  2  0  1  3/5    21:16   4:57   2:28 
Radim Vrbata             1  0  1   0  0   3  0  0  1  0  0/0    10:40   0:13   0:00 
Ryan Hollweg             1  0  1   1  0   2  0  0  0  0  1/1     9:16   0:00   1:59 
Sergei Kostitsyn         0  0  0   0  0   0  1  1  0  0  0/0    10:46   0:15   0:00 
Sidney Crosby            0  1  1   2  0   3  6  0  3  1  15/35  22:50   4:57   4:21 
Stephane Da Costa        0  1  1   1  0   1  1  0  0  0  4/6     7:11   0:00   0:00 

3 Stars

1 - Phil Kessel (Ott)
2 - Jaroslav Halak (Ott)
3 - Sidney Crosby (Ott)

Power Play

Panthers - 0 on 4 Attempt(s) - 0.00%
Senateurs - 1 on 5 Attempt(s) - 20.00%

Penalty Kill

Panthers - 4 on 5 Attempt(s) - 80.00% - Score 0 goal in Penalty Kill
Senateurs - 4 on 4 Attempt(s) - 100.00% - Score 0 goal in Penalty Kill

Team Stat

Panthers - Hits : 28 - Faceoff Wins : 31 - Blocked Shots : 13 - Penalty Minutes : 10
Senateurs - Hits : 27 - Faceoff Wins : 37 - Blocked Shots : 10 - Penalty Minutes : 8

Official

Referees : Unknown
Linesman : Unknown

Game Notes

No Game Note

Finance

Level 1 -- Attendance: 5867 (97.78%) -- Ticket Income $604,301
Level 2 -- Attendance: 3979 (79.58%) -- Ticket Income $270,572
Level 3 -- Attendance: 1473 (73.65%) -- Ticket Income $63,339
Level 4 -- Attendance: 4000 (100.00%) -- Ticket Income $112,000
Luxury Box -- Attendance: 909 (90.90%) -- Ticket Income $163,620
Game was played at the Place Banque Scotia.
Total Attendance: 16228 (90.16%)
Total Ticket Income: $1,213,832
Other Income: $182,075
Total Income: $1,395,907

Panthers

5 vs 5 Forward 
   Center                   Left Wing                Right Wing               Time % Phy DF OF 
 1 Matt Duchene             Alex Galchenyuk          Marek Svatos             40     0   2  3  
 2 Travis Zajac             David Booth              Chad Larose              30     0   2  3  
 3 Stephen Weiss            Andrei Kostitsyn         Drew Stafford            20     0   3  2  
 4 Kyle Wellwood            Linus Omark              Tomas Kopecky            10     1   2  2  

5 vs 5 Defense 
   Defense                  Defense                                           Time % Phy DF OF 
 1 Erik Gudbranson          Taylor Chorney                                    40     0   2  3  
 2 Radko Gudas              Ladislav Smid                                     30     0   2  3  
 3 Jonathan Sigalet         Brandon Gormley                                   20     0   3  2  
 4 Erik Gudbranson          Taylor Chorney                                    10     0   2  3  

PowerPlay Forward 
   Center                   Left Wing                Right Wing               Time % Phy DF OF 
 1 Matt Duchene             Alex Galchenyuk          Marek Svatos             60     0   1  4  
 2 Travis Zajac             David Booth              Chad Larose              40     0   1  4  

PowerPlay Defense
   Defense                  Defense                                           Time % Phy DF OF 
 1 Erik Gudbranson          Taylor Chorney                                    60     0   2  3  
 2 Jonathan Sigalet         Ladislav Smid                                     40     0   2  3  

Penalty Kill 4 Players Forward 
   Center                   Wing                     Time % Phy DF OF 
 1 Travis Zajac             Chad Larose              60     1   3  1  
 2 Kyle Wellwood            Drew Stafford            40     1   3  1  

Penalty Kill 4 Players Defense
   Defense                  Defense                  Time % Phy DF OF 
 1 Erik Gudbranson          Taylor Chorney           60     1   4  0  
 2 Jonathan Sigalet         Ladislav Smid            40     1   4  0  

Penalty Kill - 3 Players Forward 
   Forward                                           Time % Phy DF OF 
 1 Chad Larose                                       60     1   3  1  
 2 Drew Stafford                                     40     1   3  1  

Penalty Kill - 3 Players Defense
   Defense                  Defense                  Time % Phy DF OF 
 1 Erik Gudbranson          Taylor Chorney           60     1   4  0  
 2 Jonathan Sigalet         Ladislav Smid            40     1   4  0  

4 vs 4 Forward 
   Center                   Wing                     Time % Phy DF OF 
 1 Matt Duchene             Alex Galchenyuk          60     0   2  3  
 2 Travis Zajac             David Booth              40     0   2  3  

4 vs 4 Defense
   Defense                  Defense                  Time % Phy DF OF 
 1 Erik Gudbranson          Taylor Chorney           60     0   2  3  
 2 Radko Gudas              Ladislav Smid            40     1   2  2  

Last Minutes Offensive
   Center                   Left Wing                Right Wing               Defense                  Defense                  
   Matt Duchene             Alex Galchenyuk          Marek Svatos             Erik Gudbranson          Taylor Chorney           

Last Minutes Defensive
   Center                   Left Wing                Right Wing               Defense                  Defense                  
   Travis Zajac             David Booth              Chad Larose              Erik Gudbranson          Taylor Chorney           

Goaltenders
Starting : Petr Mrazek              
Backup : Braden Holtby            

Extra Forwards
Normal : David Booth, Alex Galchenyuk, Matt Duchene - PP : David Booth, Alex Galchenyuk - PK : Marek Svatos
Extra Defensemen
Normal : Brandon Gormley, Taylor Chorney, Erik Gudbranson - PP : Brandon Gormley - PK : Brandon Gormley, Taylor Chorney
Penalty Shots
Alex Galchenyuk, Kyle Wellwood, Matt Duchene, Travis Zajac, David Booth

Scratches
Christian Ehrhoff (Healthy), Daniel Paille (Healthy), Lubomir Visnovsky (Healthy), Matt Irwin (Healthy)

Senateurs

5 vs 5 Forward 
   Center                   Left Wing                Right Wing               Time % Phy DF OF 
 1 Sidney Crosby            Jamie Benn               Phil Kessel              40     1   2  2  
 2 Evgeni Malkin            Daniel Sedin             Colby Armstrong          30     1   2  2  
 3 Daniel Briere            Sergei Kostitsyn         Radim Vrbata             20     1   2  2  
 4 Stephane Da Costa        Ryan Hollweg             Michel Ouellet           10     1   2  2  

5 vs 5 Defense 
   Defense                  Defense                                           Time % Phy DF OF 
 1 Duncan Keith             Cody Franson                                      40     1   2  2  
 2 Nate Prosser             Carlo Colaiacovo                                  30     1   2  2  
 3 Mark Giordano            Arturs Kulda                                      20     1   2  2  
 4 Duncan Keith             Cody Franson                                      10     1   2  2  

PowerPlay Forward 
   Center                   Left Wing                Right Wing               Time % Phy DF OF 
 1 Sidney Crosby            Jamie Benn               Phil Kessel              60     1   2  2  
 2 Evgeni Malkin            Daniel Sedin             Colby Armstrong          40     1   2  2  

PowerPlay Defense
   Defense                  Defense                                           Time % Phy DF OF 
 1 Duncan Keith             Cody Franson                                      60     1   2  2  
 2 Nate Prosser             Carlo Colaiacovo                                  40     1   2  2  

Penalty Kill 4 Players Forward 
   Center                   Wing                     Time % Phy DF OF 
 1 Sidney Crosby            Evgeni Malkin            60     1   2  2  
 2 Phil Kessel              Daniel Briere            40     1   2  2  

Penalty Kill 4 Players Defense
   Defense                  Defense                  Time % Phy DF OF 
 1 Duncan Keith             Cody Franson             60     1   2  2  
 2 Nate Prosser             Carlo Colaiacovo         40     1   2  2  

Penalty Kill - 3 Players Forward 
   Forward                                           Time % Phy DF OF 
 1 Sidney Crosby                                     60     1   2  2  
 2 Evgeni Malkin                                     40     1   2  2  

Penalty Kill - 3 Players Defense
   Defense                  Defense                  Time % Phy DF OF 
 1 Duncan Keith             Cody Franson             60     1   2  2  
 2 Nate Prosser             Carlo Colaiacovo         40     1   2  2  

4 vs 4 Forward 
   Center                   Wing                     Time % Phy DF OF 
 1 Sidney Crosby            Evgeni Malkin            60     1   2  2  
 2 Phil Kessel              Daniel Briere            40     1   2  2  

4 vs 4 Defense
   Defense                  Defense                  Time % Phy DF OF 
 1 Duncan Keith             Cody Franson             60     1   2  2  
 2 Nate Prosser             Carlo Colaiacovo         40     1   2  2  

Last Minutes Offensive
   Center                   Left Wing                Right Wing               Defense                  Defense                  
   Sidney Crosby            Jamie Benn               Phil Kessel              Duncan Keith             Cody Franson             

Last Minutes Defensive
   Center                   Left Wing                Right Wing               Defense                  Defense                  
   Sidney Crosby            Jamie Benn               Phil Kessel              Duncan Keith             Cody Franson             

Goaltenders
Starting : Jaroslav Halak           
Backup : Roberto Luongo           

Extra Forwards
Normal : Sergei Kostitsyn, Radim Vrbata, Ryan Hollweg - PP : Sergei Kostitsyn, Radim Vrbata - PK : Ryan Hollweg
Extra Defensemen
Normal : Mark Giordano, Arturs Kulda, Nate Prosser - PP : Mark Giordano - PK : Arturs Kulda, Nate Prosser
Penalty Shots
Sidney Crosby, Evgeni Malkin, Phil Kessel, Daniel Briere, Jamie Benn

Scratches
Chris Kunitz (Healthy), Dion Phaneuf (Healthy)

% Time on Ice - Panthers

Lines # - Real PCT - Wanted PCT - Time Play
Normal Forward
1 - 32% - 40% - 13:53
2 - 25% - 30% - 10:46
3 - 26% - 20% - 11:05
4 - 17% - 10% - 7:32
Normal Defense
1 - 38% - 40% - 16:27
2 - 34% - 30% - 14:53
3 - 23% - 20% - 10:06
4 - 4% - 10% - 1:50
PP Forward
1 - 55% - 60% - 4:23
2 - 45% - 40% - 3:33
PP Defense
1 - 57% - 60% - 4:33
2 - 43% - 40% - 3:23
PK Forward
1 - 72% - 60% - 6:18
2 - 28% - 40% - 2:30
PK Defense
1 - 64% - 60% - 5:38
2 - 36% - 40% - 3:10
PK3 Forward
1 - 0% - 60%
2 - 0% - 40%
PK3 Defense
1 - 0% - 60%
2 - 0% - 40%
44 Forward
1 - 0% - 60%
2 - 0% - 40%
44 Defense
1 - 0% - 60%
2 - 0% - 40%
Last Minute Offensive  - 0:00
Last Minute Defensive  - 0:00
Total
Forward - 60:00
Defense - 60:00

% Time on Ice - Senateurs

Lines # - Real PCT - Wanted PCT - Time Play
Normal Forward
1 - 32% - 40% - 13:38
2 - 28% - 30% - 12:00
3 - 24% - 20% - 10:27
4 - 17% - 10% - 7:11
Normal Defense
1 - 42% - 40% - 17:58
2 - 32% - 30% - 13:40
3 - 23% - 20% - 10:03
4 - 4% - 10% - 1:35
PP Forward
1 - 56% - 60% - 4:57
2 - 44% - 40% - 3:51
PP Defense
1 - 58% - 60% - 5:05
2 - 42% - 40% - 3:43
PK Forward
1 - 69% - 60% - 5:28
2 - 31% - 40% - 2:28
PK Defense
1 - 58% - 60% - 4:37
2 - 42% - 40% - 3:19
PK3 Forward
1 - 0% - 60%
2 - 0% - 40%
PK3 Defense
1 - 0% - 60%
2 - 0% - 40%
44 Forward
1 - 0% - 60%
2 - 0% - 40%
44 Defense
1 - 0% - 60%
2 - 0% - 40%
Last Minute Offensive  - 0:00
Last Minute Defensive  - 0:00
Total
Forward - 60:00
Defense - 60:00

Play-by-Play

1st period


0:01 of 1st period - Matt Duchene wins face-off versus Sidney Crosby in neutral zone.
0:04 of 1st period - Slapshot by Erik Gudbranson.
0:04 of 1st period - Deflect By Alex Galchenyuk.
0:04 of 1st period - Shot Blocked by Cody Franson.
0:04 of 1st period - Puck is out of play.
0:05 of 1st period - Sidney Crosby wins face-off versus Matt Duchene in Senateurs zone.
0:12 of 1st period - Alex Galchenyuk is hit by Sidney Crosby.
0:23 of 1st period - Off-side.
0:24 of 1st period - Chad Larose wins face-off versus Evgeni Malkin in neutral zone.
0:36 of 1st period - Snap shot by Evgeni Malkin.
0:36 of 1st period - Shot Blocked by Ladislav Smid.
0:38 of 1st period - Snap shot by Carlo Colaiacovo.
0:38 of 1st period - Stopped by Petr Mrazek without a rebound.
0:39 of 1st period - Daniel Briere wins face-off versus Stephen Weiss in Panthers zone.
1:29 of 1st period - Snap shot by Kyle Wellwood.
1:29 of 1st period - Stopped by Jaroslav Halak with a rebound.
2:11 of 1st period - Off-side.
2:12 of 1st period - Daniel Briere wins face-off versus Stephen Weiss in neutral zone.
2:17 of 1st period - Wrist shot by Daniel Briere.
2:17 of 1st period - Stopped by Petr Mrazek without a rebound.
2:18 of 1st period - Matt Duchene wins face-off versus Sidney Crosby in Panthers zone.
2:18 of 1st period - Matt Duchene is hit by Phil Kessel.
2:30 of 1st period - Slapshot by Marek Svatos.
2:30 of 1st period - Stopped by Jaroslav Halak without a rebound.
2:31 of 1st period - Travis Zajac wins face-off versus Evgeni Malkin in Senateurs zone.
2:57 of 1st period - Sidney Crosby is hit by Marek Svatos and loses puck.
3:20 of 1st period - Snap shot by Stephane Da Costa.
3:20 of 1st period - Shot Hit the Post.
3:22 of 1st period - Slapshot by Mark Giordano.
3:22 of 1st period - Stopped by Petr Mrazek with a rebound.
3:40 of 1st period - Drew Stafford is hit by Arturs Kulda and loses puck.
3:49 of 1st period - Slapshot by Taylor Chorney.
3:49 of 1st period - Deflect By Mark Giordano.
3:49 of 1st period - Stopped by Jaroslav Halak without a rebound.
3:50 of 1st period - Matt Duchene wins face-off versus Sidney Crosby in Senateurs zone.
4:01 of 1st period - Wrist shot by Phil Kessel.
4:01 of 1st period - Shot Misses the Net.
4:11 of 1st period - Cody Franson is hit by Radko Gudas and loses puck.
4:26 of 1st period - Jonathan Sigalet is hit by Sergei Kostitsyn and loses puck.
5:04 of 1st period - Andrei Kostitsyn is hit by Michel Ouellet and loses puck.
5:33 of 1st period - Wrist shot by Matt Duchene.
5:33 of 1st period - Shot Blocked by Nate Prosser.
5:35 of 1st period - Slapshot by Radko Gudas.
5:35 of 1st period - Shot Blocked by Carlo Colaiacovo.
5:37 of 1st period - Slapshot by Ladislav Smid.
5:37 of 1st period - Stopped by Jaroslav Halak with a rebound.
5:49 of 1st period - Wrist shot by Sergei Kostitsyn.
5:49 of 1st period - Shot Misses the Net.
5:51 of 1st period - Wrist shot by Sergei Kostitsyn.
5:51 of 1st period - Shot Misses the Net.
5:53 of 1st period - Slapshot by Daniel Briere.
5:53 of 1st period - Shot Blocked by Ladislav Smid.
6:17 of 1st period - Snap shot by Kyle Wellwood.
6:17 of 1st period - Shot Blocked by Colby Armstrong.
6:27 of 1st period - Andrei Kostitsyn is hit by Sidney Crosby and loses puck.
6:32 of 1st period - Wrist shot by Phil Kessel.
6:32 of 1st period - Goal by Phil Kessel - Panthers : 0 - Senateurs : 1.
6:33 of 1st period - Matt Duchene wins face-off versus Sidney Crosby in neutral zone.
6:40 of 1st period - Taylor Chorney is hit by Jamie Benn and loses puck.
6:49 of 1st period - Snap shot by Sidney Crosby.
6:49 of 1st period - Stopped by Petr Mrazek with a rebound.
7:31 of 1st period - Colby Armstrong is hit by Radko Gudas.
7:39 of 1st period - Minor Penalty to Cody Franson for High sticking.
7:40 of 1st period - Matt Duchene wins face-off versus Sidney Crosby in Senateurs zone.
8:47 of 1st period - Arturs Kulda is hit by Ladislav Smid and loses puck.
8:59 of 1st period - Icing by Jonathan Sigalet.
9:00 of 1st period - Ryan Hollweg wins face-off versus David Booth in Panthers zone.
9:07 of 1st period - Jamie Benn is hit by David Booth and loses puck.
9:33 of 1st period - Icing by Jonathan Sigalet.
9:34 of 1st period - Matt Duchene wins face-off versus Phil Kessel in Panthers zone.
9:39 of 1st period - Penalty to Cody Franson is over, Cody Franson is back on ice.
9:54 of 1st period - Icing by Daniel Briere.
9:55 of 1st period - Phil Kessel wins face-off versus Chad Larose in Senateurs zone.
9:55 of 1st period - Phil Kessel is hit by David Booth.
10:05 of 1st period - Snap shot by Duncan Keith.
10:05 of 1st period - Deflect By Erik Gudbranson.
10:05 of 1st period - Stopped by Petr Mrazek without a rebound.
10:06 of 1st period - Evgeni Malkin wins face-off versus Travis Zajac in Panthers zone.
10:09 of 1st period - Wrist shot by Evgeni Malkin.
10:09 of 1st period - Shot Blocked by Taylor Chorney.
10:11 of 1st period - Slapshot by Mark Giordano.
10:11 of 1st period - Stopped by Petr Mrazek with a rebound.
10:31 of 1st period - Slapshot by Evgeni Malkin.
10:31 of 1st period - Shot Misses the Net.
10:33 of 1st period - Slapshot by Daniel Sedin.
10:33 of 1st period - Stopped by Petr Mrazek with a rebound.
10:35 of 1st period - Snap shot by Evgeni Malkin.
10:35 of 1st period - Deflect By Taylor Chorney.
10:35 of 1st period - Shot Misses the Net.
10:35 of 1st period - Puck is out of play.
10:36 of 1st period - Alex Galchenyuk wins face-off versus Sidney Crosby in Panthers zone.
10:38 of 1st period - Minor Penalty to Radko Gudas for Hooking.
10:39 of 1st period - Travis Zajac wins face-off versus Sidney Crosby in Panthers zone.
10:47 of 1st period - Taylor Chorney is hit by Jamie Benn and loses puck.
11:12 of 1st period - Backhand shot by Duncan Keith.
11:12 of 1st period - Stopped by Petr Mrazek with a rebound.
11:14 of 1st period - Slapshot by Cody Franson.
11:14 of 1st period - Stopped by Petr Mrazek without a rebound.
11:15 of 1st period - Kyle Wellwood wins face-off versus Evgeni Malkin in Panthers zone.
12:38 of 1st period - Penalty to Radko Gudas is over, Radko Gudas is back on ice.
12:53 of 1st period - Minor Penalty to Erik Gudbranson for Tripping.
12:54 of 1st period - Travis Zajac wins face-off versus Sidney Crosby in Panthers zone.
13:44 of 1st period - Travis Zajac is hit by Sidney Crosby and loses puck.
13:59 of 1st period - Snap shot by Phil Kessel.
13:59 of 1st period - Shot Blocked by Chad Larose.
14:13 of 1st period - Ladislav Smid is hit by Sidney Crosby and loses puck.
14:24 of 1st period - Taylor Chorney is hit by Cody Franson and loses puck.
14:45 of 1st period - Wrist shot by Colby Armstrong.
14:45 of 1st period - Shot Misses the Net.
14:53 of 1st period - Penalty to Erik Gudbranson is over, Erik Gudbranson is back on ice.
15:08 of 1st period - Off-side.
15:09 of 1st period - Daniel Briere wins face-off versus Matt Duchene in neutral zone.
15:12 of 1st period - Snap shot by Daniel Briere.
15:12 of 1st period - Shot Misses the Net.
15:14 of 1st period - Wrist shot by Radim Vrbata.
15:14 of 1st period - Stopped by Petr Mrazek with a rebound.
15:16 of 1st period - Snap shot by Radim Vrbata.
15:16 of 1st period - Stopped by Petr Mrazek without a rebound.
15:17 of 1st period - Daniel Briere wins face-off versus Matt Duchene in Panthers zone.
15:45 of 1st period - Travis Zajac is hit by Evgeni Malkin and loses puck.
16:12 of 1st period - Backhand shot by Duncan Keith.
16:12 of 1st period - Shot Misses the Net.
16:14 of 1st period - Slapshot by Cody Franson.
16:14 of 1st period - Stopped by Petr Mrazek with a rebound.
16:38 of 1st period - Evgeni Malkin is hit by Matt Duchene.
16:44 of 1st period - Wrist shot by Alex Galchenyuk.
16:44 of 1st period - Goal by Alex Galchenyuk - Panthers : 1 - Senateurs : 1.
16:45 of 1st period - Sidney Crosby wins face-off versus Matt Duchene in neutral zone.
16:54 of 1st period - Snap shot by Alex Galchenyuk.
16:54 of 1st period - Stopped by Jaroslav Halak with a rebound.
16:56 of 1st period - Snap shot by Marek Svatos.
16:56 of 1st period - Stopped by Jaroslav Halak with a rebound.
16:58 of 1st period - Slapshot by Ladislav Smid.
16:58 of 1st period - Stopped by Jaroslav Halak without a rebound.
16:59 of 1st period - Sidney Crosby wins face-off versus Matt Duchene in Senateurs zone.
16:59 of 1st period - Sidney Crosby is hit by Marek Svatos.
17:25 of 1st period - Daniel Sedin is hit by Chad Larose and loses puck.
18:10 of 1st period - Icing by Sergei Kostitsyn.
18:11 of 1st period - Daniel Briere wins face-off versus Kyle Wellwood in Senateurs zone.
18:36 of 1st period - Duncan Keith is hit by Matt Duchene and loses puck.
19:27 of 1st period - Wrist shot by Daniel Briere.
19:27 of 1st period - Shot Hit the Post.
19:34 of 1st period - Icing by Ladislav Smid.
19:35 of 1st period - Stephane Da Costa wins face-off versus Stephen Weiss in Panthers zone.
19:36 of 1st period - Slapshot by Ryan Hollweg.
19:36 of 1st period - Stopped by Petr Mrazek with a rebound.
19:38 of 1st period - Backhand shot by Daniel Sedin.
19:38 of 1st period - Shot Misses the Net.
19:40 of 1st period - Snap shot by Colby Armstrong.
19:40 of 1st period - Stopped by Petr Mrazek without a rebound.
19:41 of 1st period - Evgeni Malkin wins face-off versus Matt Duchene in Panthers zone.
19:48 of 1st period - Snap shot by Evgeni Malkin.
19:48 of 1st period - Stopped by Petr Mrazek without a rebound.
19:49 of 1st period - Matt Duchene wins face-off versus Jamie Benn in Panthers zone.
19:49 of 1st period - Matt Duchene is hit by Nate Prosser.
19:57 of 1st period - Wrist shot by Matt Duchene.
19:57 of 1st period - Stopped by Jaroslav Halak without a rebound.
19:58 of 1st period - Matt Duchene wins face-off versus Sidney Crosby in Senateurs zone.
Goals for this period are 1 for Panthers vs 1 for Senateurs.
Shots for this period are 9 for Panthers vs 16 for Senateurs.

2nd period


0:01 of 2nd period - Sidney Crosby wins face-off versus Matt Duchene in neutral zone.
0:32 of 2nd period - Backhand shot by Erik Gudbranson.
0:32 of 2nd period - Deflect By Marek Svatos.
0:32 of 2nd period - Stopped by Jaroslav Halak with a rebound.
0:57 of 2nd period - Snap shot by Alex Galchenyuk.
0:57 of 2nd period - Shot Misses the Net.
1:19 of 2nd period - Snap shot by Alex Galchenyuk.
1:19 of 2nd period - Stopped by Jaroslav Halak without a rebound.
1:20 of 2nd period - David Booth wins face-off versus Sidney Crosby in Senateurs zone.
1:25 of 2nd period - Wrist shot by Travis Zajac.
1:25 of 2nd period - Shot Hit the Post.
1:31 of 2nd period - Wrist shot by Sidney Crosby.
1:31 of 2nd period - Shot Misses the Net.
2:31 of 2nd period - Colby Armstrong is hit by Chad Larose and loses puck.
3:34 of 2nd period - Wrist shot by Stephane Da Costa.
3:34 of 2nd period - Stopped by Petr Mrazek with a rebound.
3:36 of 2nd period - Wrist shot by Stephane Da Costa.
3:36 of 2nd period - Deflect By Michel Ouellet.
3:36 of 2nd period - Stopped by Petr Mrazek without a rebound.
3:37 of 2nd period - Matt Duchene wins face-off versus Stephane Da Costa in Panthers zone.
4:04 of 2nd period - Travis Zajac is hit by Jamie Benn and loses puck.
4:11 of 2nd period - Snap shot by David Booth.
4:11 of 2nd period - Shot Blocked by Phil Kessel.
4:44 of 2nd period - Icing by Daniel Sedin.
4:45 of 2nd period - Daniel Briere wins face-off versus Kyle Wellwood in Senateurs zone.
4:50 of 2nd period - Slapshot by Nate Prosser.
4:50 of 2nd period - Stopped by Petr Mrazek without a rebound.
4:51 of 2nd period - Daniel Briere wins face-off versus Kyle Wellwood in Panthers zone.
5:16 of 2nd period - Kyle Wellwood is hit by Duncan Keith and loses puck.
5:43 of 2nd period - Snap shot by Daniel Briere.
5:43 of 2nd period - Shot Misses the Net.
5:45 of 2nd period - Slapshot by Radim Vrbata.
5:45 of 2nd period - Shot Misses the Net.
5:47 of 2nd period - Slapshot by Arturs Kulda.
5:47 of 2nd period - Shot Blocked by Tomas Kopecky.
5:49 of 2nd period - Snap shot by Daniel Briere.
5:49 of 2nd period - Shot Blocked by Kyle Wellwood.
5:51 of 2nd period - Wrist shot by Sergei Kostitsyn.
5:51 of 2nd period - Shot Blocked by Erik Gudbranson.
5:53 of 2nd period - Backhand shot by Daniel Briere.
5:53 of 2nd period - Shot Misses the Net.
6:03 of 2nd period - Snap shot by Kyle Wellwood.
6:03 of 2nd period - Shot Blocked by Mark Giordano.
6:51 of 2nd period - Wrist shot by Kyle Wellwood.
6:51 of 2nd period - Deflect By Sergei Kostitsyn.
6:51 of 2nd period - Shot Misses the Net.
6:51 of 2nd period - Puck is out of play.
6:52 of 2nd period - Matt Duchene wins face-off versus Sidney Crosby in Senateurs zone.
6:55 of 2nd period - Slapshot by Alex Galchenyuk.
6:55 of 2nd period - Stopped by Jaroslav Halak without a rebound.
6:56 of 2nd period - Alex Galchenyuk wins face-off versus Sidney Crosby in Senateurs zone.
7:12 of 2nd period - Snap shot by Marek Svatos.
7:12 of 2nd period - Stopped by Jaroslav Halak with a rebound.
7:24 of 2nd period - Ladislav Smid is hit by Evgeni Malkin and loses puck.
7:31 of 2nd period - Slapshot by Evgeni Malkin.
7:31 of 2nd period - Stopped by Petr Mrazek without a rebound.
7:32 of 2nd period - Marek Svatos wins face-off versus Sidney Crosby in Panthers zone.
7:37 of 2nd period - Snap shot by Matt Duchene.
7:37 of 2nd period - Stopped by Jaroslav Halak with a rebound.
7:39 of 2nd period - Slapshot by Brandon Gormley.
7:39 of 2nd period - Shot Misses the Net.
7:41 of 2nd period - Slapshot by Jonathan Sigalet.
7:41 of 2nd period - Stopped by Jaroslav Halak without a rebound.
7:42 of 2nd period - Sidney Crosby wins face-off versus Matt Duchene in Senateurs zone.
8:13 of 2nd period - Wrist shot by Marek Svatos.
8:13 of 2nd period - Shot Misses the Net.
8:35 of 2nd period - Snap shot by Matt Duchene.
8:35 of 2nd period - Stopped by Jaroslav Halak without a rebound.
8:36 of 2nd period - Evgeni Malkin wins face-off versus Travis Zajac in Senateurs zone.
8:51 of 2nd period - Slapshot by Travis Zajac.
8:51 of 2nd period - Shot Misses the Net.
9:15 of 2nd period - Slapshot by Duncan Keith.
9:15 of 2nd period - Stopped by Petr Mrazek with a rebound.
9:17 of 2nd period - Wrist shot by Evgeni Malkin.
9:17 of 2nd period - Goal by Evgeni Malkin - Panthers : 1 - Senateurs : 2.
9:18 of 2nd period - Sidney Crosby wins face-off versus Matt Duchene in neutral zone.
9:33 of 2nd period - Snap shot by Phil Kessel.
9:33 of 2nd period - Deflect By Sidney Crosby.
9:33 of 2nd period - Stopped by Petr Mrazek without a rebound.
9:34 of 2nd period - Travis Zajac wins face-off versus Evgeni Malkin in Panthers zone.
9:43 of 2nd period - Snap shot by David Booth.
9:43 of 2nd period - Shot Blocked by Colby Armstrong.
9:45 of 2nd period - Slapshot by Erik Gudbranson.
9:45 of 2nd period - Shot Misses the Net.
9:47 of 2nd period - Slapshot by David Booth.
9:47 of 2nd period - Stopped by Jaroslav Halak with a rebound.
9:49 of 2nd period - Slapshot by Taylor Chorney.
9:49 of 2nd period - Shot Misses the Net.
9:51 of 2nd period - Wrist shot by Travis Zajac.
9:51 of 2nd period - Shot Misses the Net.
10:21 of 2nd period - Snap shot by Colby Armstrong.
10:21 of 2nd period - Stopped by Petr Mrazek without a rebound.
10:22 of 2nd period - Matt Duchene wins face-off versus Sidney Crosby in Panthers zone.
10:22 of 2nd period - Matt Duchene is hit by Sidney Crosby.
10:28 of 2nd period - Sidney Crosby is hit by Alex Galchenyuk and loses puck.
10:37 of 2nd period - Snap shot by Alex Galchenyuk.
10:37 of 2nd period - Shot Misses the Net.
10:39 of 2nd period - Slapshot by Ladislav Smid.
10:39 of 2nd period - Stopped by Jaroslav Halak with a rebound.
10:51 of 2nd period - Wrist shot by David Booth.
10:51 of 2nd period - Stopped by Jaroslav Halak without a rebound.
10:52 of 2nd period - Chad Larose wins face-off versus Stephane Da Costa in Senateurs zone.
11:16 of 2nd period - Brandon Gormley is hit by Carlo Colaiacovo and loses puck.
11:37 of 2nd period - Snap shot by Stephane Da Costa.
11:37 of 2nd period - Shot Blocked by Chad Larose.
11:39 of 2nd period - Wrist shot by Nate Prosser.
11:39 of 2nd period - Stopped by Petr Mrazek without a rebound.
11:40 of 2nd period - Sidney Crosby wins face-off versus Alex Galchenyuk in Panthers zone.
11:45 of 2nd period - Snap shot by Sidney Crosby.
11:45 of 2nd period - Deflect By Phil Kessel.
11:45 of 2nd period - Goal by Phil Kessel - Panthers : 1 - Senateurs : 3.
11:46 of 2nd period - Phil Kessel wins face-off versus Matt Duchene in neutral zone.
12:13 of 2nd period - Colby Armstrong is hit by Travis Zajac and loses puck.
12:40 of 2nd period - Snap shot by Kyle Wellwood.
12:40 of 2nd period - Stopped by Jaroslav Halak without a rebound.
12:41 of 2nd period - Sidney Crosby wins face-off versus Kyle Wellwood in Senateurs zone.
12:50 of 2nd period - Slapshot by Tomas Kopecky.
12:50 of 2nd period - Stopped by Jaroslav Halak without a rebound.
12:51 of 2nd period - Matt Duchene wins face-off versus Sidney Crosby in Senateurs zone.
13:02 of 2nd period - Snap shot by Alex Galchenyuk.
13:02 of 2nd period - Shot Blocked by Phil Kessel.
13:04 of 2nd period - Snap shot by Marek Svatos.
13:04 of 2nd period - Stopped by Jaroslav Halak without a rebound.
13:05 of 2nd period - Matt Duchene wins face-off versus Sidney Crosby in Senateurs zone.
13:22 of 2nd period - Snap shot by Matt Duchene.
13:22 of 2nd period - Shot Blocked by Cody Franson.
14:49 of 2nd period - Minor Penalty to Stephen Weiss for Tripping.
14:50 of 2nd period - Travis Zajac wins face-off versus Evgeni Malkin in Panthers zone.
15:02 of 2nd period - Erik Gudbranson is hit by Evgeni Malkin and loses puck.
15:41 of 2nd period - Slapshot by Carlo Colaiacovo.
15:41 of 2nd period - Deflect By Radim Vrbata.
15:41 of 2nd period - Goal by Radim Vrbata - Panthers : 1 - Senateurs : 4.
15:42 of 2nd period - Matt Duchene wins face-off versus Daniel Briere in neutral zone.
17:12 of 2nd period - Icing by Stephen Weiss.
17:13 of 2nd period - Daniel Briere wins face-off versus Matt Duchene in Panthers zone.
17:22 of 2nd period - Wrist shot by Alex Galchenyuk.
17:22 of 2nd period - Stopped by Jaroslav Halak without a rebound.
17:23 of 2nd period - Sidney Crosby wins face-off versus Matt Duchene in Senateurs zone.
17:23 of 2nd period - Sidney Crosby is hit by Marek Svatos.
17:26 of 2nd period - Minor Penalty to Duncan Keith for Holding Stick.
17:27 of 2nd period - Sidney Crosby wins face-off versus Matt Duchene in Senateurs zone.
18:47 of 2nd period - Ryan Hollweg is hit by Taylor Chorney.
19:26 of 2nd period - Penalty to Duncan Keith is over, Duncan Keith is back on ice.
19:46 of 2nd period - Minor Penalty to Drew Stafford for Tripping.
19:47 of 2nd period - Travis Zajac wins face-off versus Sidney Crosby in Panthers zone.
19:47 of 2nd period - Travis Zajac is hit by Phil Kessel.
Goals for this period are 0 for Panthers vs 3 for Senateurs.
Shots for this period are 14 for Panthers vs 11 for Senateurs.

3rd period


0:01 of 3rd period - Travis Zajac wins face-off versus Sidney Crosby in neutral zone.
0:04 of 3rd period - Wrist shot by Travis Zajac.
0:04 of 3rd period - Stopped by Jaroslav Halak with a rebound.
1:14 of 3rd period - Icing by Jamie Benn.
1:15 of 3rd period - Sidney Crosby wins face-off versus Travis Zajac in Senateurs zone.
1:15 of 3rd period - Sidney Crosby is hit by Chad Larose.
1:46 of 3rd period - Penalty to Drew Stafford is over, Drew Stafford is back on ice.
2:06 of 3rd period - Minor Penalty to Daniel Briere for Tripping.
2:07 of 3rd period - Sidney Crosby wins face-off versus Matt Duchene in Senateurs zone.
2:43 of 3rd period - Slapshot by Jonathan Sigalet.
2:43 of 3rd period - Stopped by Jaroslav Halak without a rebound.
2:44 of 3rd period - Travis Zajac wins face-off versus Phil Kessel in Senateurs zone.
2:47 of 3rd period - Snap shot by David Booth.
2:47 of 3rd period - Stopped by Jaroslav Halak with a rebound.
3:09 of 3rd period - David Booth is hit by Sidney Crosby and loses puck.
4:06 of 3rd period - Penalty to Daniel Briere is over, Daniel Briere is back on ice.
4:22 of 3rd period - Backhand shot by Drew Stafford.
4:22 of 3rd period - Shot Misses the Net.
4:24 of 3rd period - Snap shot by Stephen Weiss.
4:24 of 3rd period - Stopped by Jaroslav Halak with a rebound.
4:26 of 3rd period - Wrist shot by Drew Stafford.
4:26 of 3rd period - Stopped by Jaroslav Halak without a rebound.
4:27 of 3rd period - Stephane Da Costa wins face-off versus Kyle Wellwood in Senateurs zone.
4:27 of 3rd period - Stephane Da Costa is hit by Erik Gudbranson.
4:37 of 3rd period - Ryan Hollweg is hit by Erik Gudbranson.
5:31 of 3rd period - Radim Vrbata is hit by David Booth and loses puck.
5:47 of 3rd period - Icing by Brandon Gormley.
5:48 of 3rd period - Stephane Da Costa wins face-off versus Kyle Wellwood in Panthers zone.
6:47 of 3rd period - Wrist shot by Daniel Briere.
6:47 of 3rd period - Shot Misses the Net.
7:19 of 3rd period - Icing by Ryan Hollweg.
7:20 of 3rd period - Stephane Da Costa wins face-off versus Stephen Weiss in Senateurs zone.
7:29 of 3rd period - Slapshot by Nate Prosser.
7:29 of 3rd period - Shot Blocked by Radko Gudas.
7:31 of 3rd period - Slapshot by Carlo Colaiacovo.
7:31 of 3rd period - Stopped by Petr Mrazek with a rebound.
7:33 of 3rd period - Slapshot by Nate Prosser.
7:33 of 3rd period - Shot Blocked by Radko Gudas.
7:35 of 3rd period - Slapshot by Michel Ouellet.
7:35 of 3rd period - Shot Blocked by Andrei Kostitsyn.
7:37 of 3rd period - Snap shot by Stephane Da Costa.
7:37 of 3rd period - Shot Misses the Net.
7:39 of 3rd period - Slapshot by Nate Prosser.
7:39 of 3rd period - Shot Blocked by Andrei Kostitsyn.
7:47 of 3rd period - Nate Prosser is hit by Andrei Kostitsyn and loses puck.
8:04 of 3rd period - Snap shot by Andrei Kostitsyn.
8:04 of 3rd period - Stopped by Jaroslav Halak with a rebound.
8:06 of 3rd period - Slapshot by Drew Stafford.
8:06 of 3rd period - Stopped by Jaroslav Halak without a rebound.
8:07 of 3rd period - Matt Duchene wins face-off versus Sidney Crosby in Senateurs zone.
8:08 of 3rd period - Wrist shot by Marek Svatos.
8:08 of 3rd period - Shot Misses the Net.
8:34 of 3rd period - Chad Larose is hit by Evgeni Malkin and loses puck.
8:41 of 3rd period - Slapshot by Brandon Gormley.
8:41 of 3rd period - Stopped by Jaroslav Halak with a rebound.
8:43 of 3rd period - Minor Penalty to Duncan Keith for Hooking.
8:44 of 3rd period - Matt Duchene wins face-off versus Sidney Crosby in Senateurs zone.
8:47 of 3rd period - Snap shot by Alex Galchenyuk.
8:47 of 3rd period - Stopped by Jaroslav Halak with a rebound.
9:53 of 3rd period - Chad Larose is hit by Nate Prosser and loses puck.
10:12 of 3rd period - Jamie Benn is hit by Erik Gudbranson and loses puck.
10:43 of 3rd period - Penalty to Duncan Keith is over, Duncan Keith is back on ice.
11:21 of 3rd period - Mark Giordano is hit by Kyle Wellwood.
11:38 of 3rd period - Off-side.
11:39 of 3rd period - Sidney Crosby wins face-off versus Stephen Weiss in neutral zone.
11:42 of 3rd period - Slapshot by Duncan Keith.
11:42 of 3rd period - Stopped by Petr Mrazek with a rebound.
11:50 of 3rd period - Cody Franson is hit by Erik Gudbranson and loses puck.
12:41 of 3rd period - Minor Penalty to Ladislav Smid for High sticking.
12:42 of 3rd period - Sidney Crosby wins face-off versus Travis Zajac in Panthers zone.
13:09 of 3rd period - Chad Larose is hit by Cody Franson and loses puck.
13:30 of 3rd period - Mark Giordano is hit by Erik Gudbranson and loses puck.
14:41 of 3rd period - Penalty to Ladislav Smid is over, Ladislav Smid is back on ice.
14:55 of 3rd period - Alex Galchenyuk is hit by Stephane Da Costa and loses puck.
15:08 of 3rd period - Mark Giordano is hit by Ladislav Smid and loses puck.
16:03 of 3rd period - Daniel Sedin is hit by Erik Gudbranson and loses puck.
16:20 of 3rd period - Sergei Kostitsyn is hit by Kyle Wellwood and loses puck.
16:41 of 3rd period - Michel Ouellet is hit by Chad Larose and loses puck.
17:02 of 3rd period - Wrist shot by Drew Stafford.
17:02 of 3rd period - Stopped by Jaroslav Halak with a rebound.
17:08 of 3rd period - Brandon Gormley is hit by Nate Prosser and loses puck.
17:20 of 3rd period - Slapshot by Alex Galchenyuk.
17:20 of 3rd period - Shot Blocked by Sergei Kostitsyn.
17:22 of 3rd period - Wrist shot by Matt Duchene.
17:22 of 3rd period - Shot Misses the Net.
17:24 of 3rd period - Slapshot by Jonathan Sigalet.
17:24 of 3rd period - Stopped by Jaroslav Halak without a rebound.
17:25 of 3rd period - Evgeni Malkin wins face-off versus Matt Duchene in Senateurs zone.
18:45 of 3rd period - Wrist shot by Ryan Hollweg.
18:45 of 3rd period - Goal by Ryan Hollweg - Panthers : 1 - Senateurs : 5.
18:46 of 3rd period - Phil Kessel wins face-off versus Matt Duchene in neutral zone.
18:49 of 3rd period - Backhand shot by Sidney Crosby.
18:49 of 3rd period - Stopped by Petr Mrazek without a rebound.
18:50 of 3rd period - Sidney Crosby wins face-off versus Marek Svatos in Panthers zone.
19:07 of 3rd period - Erik Gudbranson is hit by Duncan Keith and loses puck.
19:19 of 3rd period - Icing by Chad Larose.
19:20 of 3rd period - Evgeni Malkin wins face-off versus Chad Larose in Panthers zone.
19:21 of 3rd period - Snap shot by Daniel Sedin.
19:21 of 3rd period - Deflect By Colby Armstrong.
19:21 of 3rd period - Shot Misses the Net.
19:21 of 3rd period - Puck is out of play.
19:22 of 3rd period - Evgeni Malkin wins face-off versus Travis Zajac in Panthers zone.
19:47 of 3rd period - Slapshot by Colby Armstrong.
19:47 of 3rd period - Shot Blocked by Taylor Chorney.
Goals for this period are 0 for Panthers vs 1 for Senateurs.
Shots for this period are 11 for Panthers vs 4 for Senateurs.